 Dungeon Crawl Stone Soup version 0.28.0-43-g3370ac3207 (webtiles) character file.

Game seed: 1178846716221153486

662 croobank the Chopper (level 7, -2/66 HPs)
             Began as a Deep Dwarf Berserker on Mar 3, 2022.
             Was a Priest of Trog.
             Killed from afar by Dowan (11 damage)
             ... with a shard of ice
             ... on level 4 of the Dungeon.
             The game lasted 00:11:03 (2628 turns).

croobank the Chopper (Deep Dwarf Berserker)         Turns: 2628, Time: 00:11:05

Health: -2/66      AC: 12    Str: 23    XL:     7   Next: 30%
Magic:  7/7        EV:  9    Int:  7    God:    Trog [***...]
Gold:   118        SH:  0    Dex: 12    Spells: 6/6 levels left

rFire   . . .      SeeInvis .   a - +2 dagger (drain)
rCold   . . .      Faith    .   (no shield)
rNeg    . . .      Spirit   .   i - +0 chain mail
rPois   .          Reflect  .   (no helmet)
rElec   .          Harm     .   (no cloak)
rCorr   .          Rampage  .   j - +0 pair of gloves
Will    +....                   n - +0 pair of boots
Stlth   ..........              (no amulet)
HPRegen 0.00/turn               (no ring)
MPRegen 0.10/turn               (no ring)

@: on berserk cooldown, slowed, very slow
A: damage resistance, heal wounds, sense surroundings 1, no regeneration
a: Heal Wounds, Renounce Religion, Berserk, Trog's Hand


You were on level 4 of the Dungeon.
You worshipped Trog.
Trog was most pleased with you.
You visited 1 branch of the dungeon, and saw 4 of its levels.

You collected 118 gold pieces.

Inventory:

Hand Weapons
 a - a +2 dagger of draining (weapon)
 o - a +2 short sword of holy wrath
 p - a +0 hand axe
Missiles
 g - 33 bolts
 l - 51 stones
 m - 5 poisoned darts (quivered)
 r - 6 silver javelins
 u - 18 arrows
 x - 23 sling bullets
Armour
 b - a +0 animal skin
 e - a +0 ring mail
 i - a +0 chain mail (worn)
 j - a +0 pair of gloves (worn)
 n - a +0 pair of boots (worn)
Scrolls
 d - 2 scrolls of immolation {unknown}
 f - a scroll of teleportation {unknown}
 k - a scroll of blinking {unknown}
 q - 2 scrolls of identify {unknown}
 s - 2 scrolls of fog {unknown}
 t - a scroll of magic mapping {unknown}
 v - a scroll of fear {unknown}
 w - a scroll of enchant weapon {unknown}
Potions
 c - 3 potions of might {unknown}
 h - a potion of heal wounds {unknown}


   Skills:
 + Level 4.4 Fighting
 + Level 5.4 Axes
 + Level 4.8 Armour
 + Level 4.9 Dodging


You had 6 spell levels left.
You didn't know any spells.
Your spell library contained the following spells:

 Spells                   Type           Power      Damage    Failure   Level
 Summon Small Mammal      Summ           0%         N/A       98%         1
 Call Canine Familiar     Summ           0%         N/A       100%        3
 Summon Guardian Golem    Hex/Summ       0%         N/A       100%        3


Dungeon Overview and Level Annotations

Branches:
Dungeon (4/15)
 Temple: D:4-7

Altars:
Makhleb
Nemelex Xobeh
Vehumet

Annotations:
D:4 Dowan


Innate Abilities, Weirdness & Mutations

You are resistant to damage.
You can heal yourself by infusing magical energy.
You passively map a small area around you.
You do not regenerate.


Message History

Dowan gestures at you while chanting. The shard of ice hits you!!
You puncture the hound zombie!
The hound zombie is moderately damaged.
The hound zombie barely misses you.
Dowan zaps a wand.
The puff of flame hits you!
You puncture the hound zombie!
The hound zombie is almost destroyed.
Dowan mumbles some strange words.
Dowan blinks!
The hound zombie bites you but does no damage.
You puncture the hound zombie!
You destroy the hound zombie!
Trog accepts your kill.
Dowan zaps a wand.
The puff of flame hits you.
You feel a strong urge to attack something.
Dowan barely misses you.
An adder zombie comes into view.
You barely miss Dowan.
You are no longer berserk.
You are exhausted.
You feel yourself slow down.
Dowan zaps a wand.
The puff of flame hits you!
You completely miss Dowan.
Dowan casts a spell.
Dowan blinks!
Dowan casts a spell at you. The stone arrow hits you. Dowan misses you.
Dowan casts a spell at you. The shard of ice hits you!
* * * LOW HITPOINT WARNING * * *
You completely miss Dowan.
Dowan zaps a wand.
The puff of flame hits you. Dowan hits you but does no damage.
You hit Dowan.
Dowan is lightly wounded.
Dowan zaps a wand.
The puff of flame hits you!
* * * LOW HITPOINT WARNING * * *
Dowan casts a spell at you. The shard of ice hits you!
You die...

##..............*
#.
#...<...........*
*#..
#................
..#
#...............#
##*
##..............#
##............... ,
#................ ,
#...#..e).......P.
,*
#...###..@Z......P.
#..## ###:......#.
..# ###....## ##
##..## ..# * , .##
* *.# , .# ,, *..


You could see Dowan (fast) and an adder zombie.

Vanquished Creatures
  Duvessa (D:4)
  A kobold brigand (D:3)
  A water moccasin zombie (D:4)
  A bullfrog skeleton (D:4)
  A hound (D:4)
  A jelly (D:4)
  Jessica (D:3)
  Terence (D:2)
  An iguana (D:3)
  Natasha (thrice) (D:3)
  2 scorpion zombies (D:4)
  A hound zombie (D:4)
  Robin (D:3)
  5 adders
  An adder zombie (D:4)
  A dart slug (D:3)
  An orc (D:3)
  8 ball pythons
  4 bats
  3 endoplasms
  3 giant cockroaches
  8 goblins
  10 hobgoblins
  7 jackals (D:3)
  6 kobolds
  4 quokkas
  3 frilled lizards
  4 rats
84 creatures vanquished.

Notes
Turn   | Place    | Note
-------+----------+-------------------------------------------
     0 | D:1      | croobank the Deep Dwarf Berserker began the quest for the
                  | Orb.
     0 | D:1      | Reached XP level 1. HP: 20/20 MP: 1/1
    75 | D:1      | Found a faded altar of an unknown god.
    96 | D:1      | Reached XP level 2. HP: 25/27 MP: 2/2
   809 | D:2      | Reached ** piety under Trog
   817 | D:2      | Reached XP level 3. HP: 16/34 MP: 3/3
  1559 | D:3      | Reached XP level 4. HP: 14/42 MP: 4/4
  1595 | D:3      | Noticed Terence
  1598 | D:3      | Noticed Robin
  1656 | D:2      | Killed Terence
  1657 | D:2      | Reached skill level 4 in Axes
  1878 | D:3      | Killed Robin
  1919 | D:3      | Noticed Natasha
  1927 | D:3      | Killed Natasha
  1928 | D:3      | Reached XP level 5. HP: 18/35 MP: 5/5
  1929 | D:3      | Noticed Natasha
  1936 | D:3      | Killed Natasha
  1948 | D:3      | Found a burning altar of Makhleb.
  1950 | D:3      | Noticed a green death
  1955 | D:3      | Noticed Jessica
  1997 | D:3      | Killed Jessica
  1997 | D:3      | Reached *** piety under Trog
  1998 | D:3      | Reached XP level 6. HP: 37/56 MP: 6/6
  2022 | D:3      | Noticed Natasha
  2037 | D:3      | Killed Natasha
  2211 | D:3      | Found a faded altar of an unknown god.
  2215 | D:3      | Found a sparkling altar of Nemelex Xobeh.
  2331 | D:3      | Found a radiant altar of Vehumet.
  2448 | D:4      | Reached skill level 5 in Axes
  2499 | D:4      | Reached XP level 7. HP: 25/64 MP: 7/7
  2607 | D:4      | Noticed Duvessa
  2607 | D:4      | Noticed Dowan
  2617 | D:4      | Killed Duvessa
  2628 | D:4      | Killed from afar by Dowan

Illustrated notes

Levels and vault maps discovered:
D:1:      dpeg_arrival_line_fractal, layout_rooms,
          chequers_ecumenical_altar_simple_redux
D:2:      layout_loops_ring, minmay_misc_feat_doors
D:3:      layout_basic, nicolae_overflow_ecumenical_swirl,
          makhleb_altar_promises_db, mainiacjoe_overflow_alcove_1, uniq_natasha,
          uniq_robin, uniq_jessica, uniq_terence
D:4:      layout_cave_pods, serial_undead, serial_undead_e, serial_undead_b,
          serial_undead_b, serial_undead_e, serial_undead_a,
          small_statue_intersection, uniq_duvessa

Skill      XL: |  1  2  3  4  5  6 |
---------------+-------------------+-----
Fighting       | 3 4 |  4.4
Dodging        | 3 4 |  4.9
Armour         | 3 4 |  4.8
Axes           | 4 5 |  5.4

Action                   |  1- 3 |  4- 6 |  7- 9 || total
-------------------------+-------+-------+-------++-------
Melee: Hand axe          |   131 |    37 |       ||   168
       Punch             |     3 |     6 |     1 ||    10
       Dagger            |       |   168 |    22 ||   190
Throw: Dart              |       |       |     9 ||     9
Invok: Berserk           |       |     1 |     1 ||     2
       Trog's Hand       |       |     1 |       ||     1
 Abil: Heal Wounds       |       |     3 |     1 ||     4
Armor: Animal skin       |    10 |       |       ||    10
       Ring mail         |    14 |       |       ||    14
       Chain mail        |    19 |   130 |     8 ||   157
Dodge: Dodged            |    90 |   133 |     8 ||   231
